 Dungeon Crawl Stone Soup version 0.28.0 (webtiles) character file.

Game seed: 2602428738209943484

6065 hawla the Cruncher (level 10, -9/78 HPs)
             Began as a Black Draconian Conjurer on Feb 6, 2022.
             Was a Believer of Vehumet.
             Mangled by a komodo dragon (25 damage)
             ... on level 11 of the Dungeon on Feb 9, 2022.
             The game lasted 00:44:15 (13794 turns).

hawla the Cruncher (Black Draconian Conjurer)      Turns: 13794, Time: 00:44:17

Health: -9/78      AC:  8    Str: 10    XL:     10   Next: 57%
Magic:  1/19       EV: 12    Int: 22    God:    Vehumet [**....]
Gold:   178        SH:  0    Dex: 12    Spells: 12/21 levels left

rFire   . . .      SeeInvis +   u - +1 lajatang (vamp)
rCold   . . .      Faith    .   (shield currently unavailable)
rNeg    . . .      Spirit   .   (armour unavailable)
rPois   .          Reflect  .   o - +0 hat
rElec   +          Harm     .   (no cloak)
rCorr   .          Rampage  .   k - +0 pair of gloves
Will    +....                   (no boots)
Stlth   ++........              a - amulet of regeneration
HPRegen 1.03/turn               l - ring of see invisible
MPRegen 0.16/turn               n - ring of willpower

@: no status effects
A: breathe lightning, AC +7, unfitting armour, electricity resistance,
cold-blooded, horns 1, agile 1, MP-powered wands
a: Breathe Lightning, Renounce Religion


You were on level 11 of the Dungeon.
You worshipped Vehumet.
Vehumet was pleased with you.
You visited 2 branches of the dungeon, and saw 12 of its levels.
You also visited: Sewer.

You collected 1649 gold pieces.
You spent 1471 gold pieces at shops.

Inventory:

Hand Weapons
 g - a +2 quarterstaff of venom
 u - a +1 vampiric lajatang (weapon)
Missiles
 z - 6 boomerangs (quivered)
Armour
 k - a +0 pair of gloves (worn)
 o - a +0 hat (worn)
Jewellery
 a - an amulet of regeneration (around neck)
 b - a ring of wizardry
 l - a ring of see invisible (left hand)
 n - a ring of willpower (right hand)
Wands
 c - a wand of paralysis (4)
 d - a wand of iceblast (24)
 m - a wand of charming (12)
 D - a wand of flame (17)
Scrolls
 e - 2 scrolls of identify
 j - a scroll of vulnerability
 q - a scroll of fog
 r - a scroll of enchant armour
 y - a scroll of amnesia
 A - 2 scrolls of immolation
Potions
 f - a potion of berserk rage
 h - 3 potions of curing
 i - 3 potions of might
 p - a potion of heal wounds
 t - 3 potions of resistance
 w - a potion of brilliance
 x - a potion of haste
Miscellaneous
 v - a lightning rod (4/4)


   Skills:
 - Level 4.0 Fighting
 + Level 10.6 Staves
 - Level 1.7 Dodging
 - Level 1.7 Stealth
 - Level 6.0 Spellcasting
 + Level 8.2 Conjurations
 - Level 2.0 Necromancy
 - Level 3.0 Translocations
 + Level 3.6 Air Magic
 + Level 3.5 Evocations


You had 12 spell levels left.
You knew the following spells:

 Your Spells              Type           Power      Damage    Failure   Level
a - Magic Dart            Conj           100%       1d8       1%          1
b - Searing Ray           Conj           84%        2d7       1%          2
c - Iskenderun's Mystic   Conj/Tloc      31%        2d8       9%          4
d - Corpse Rot            Necr/Air       36%        N/A       4%          2

Your spell library contained the following spells:

 Spells                   Type           Power      Damage    Failure   Level
 Static Discharge         Conj/Air       32%        N/A       1%          2
 Dazzling Flash           Conj/Hex       48%        N/A       4%          3
 Poisonous Vapours        Pois/Air       28%        N/A       7%          2
 Fulminant Prism          Conj/Hex       12%        3d9       17%         4
 Confusing Touch          Hex            6%         N/A       26%         3
 Yara's Violent Unravell  Hex/Tmut       3%         3d4       94%         5
 Enfeeble                 Hex            3%         N/A       100%        7
 Chain Lightning          Conj/Air       16%        3d21      100%        9
 Fire Storm               Conj/Fire      12%        8d3       100%        9
 Shatter                  Erth           3%         3d7*      100%        9


Dungeon Overview and Level Annotations

Branches:
Dungeon (11/15)            Temple (1/1) D:4           Sewer (visited)
   Lair: D:8-11         Orc: D:9-12

Altars:
Ashenzari
Elyvilon
Fedhas
Gozag
Kikubaaqudgha
Makhleb
Nemelex Xobeh
Okawaru
Ru
Sif Muna
Trog
Uskayaw
Vehumet
Wu Jian
Xom
Zin
The Shining One

Shops:
D:1 *   D:2 ???   D:4 :   D:7 *   D:9 [

Annotations:
D:6 1 runed translucent door
D:10 Fannar


Innate Abilities, Weirdness & Mutations

You can breathe wild blasts of lightning.
Your glossy black scales are hard. (AC +7)
You cannot fit into any form of body armour.
You are resistant to electric shocks. (rElec)
You are cold-blooded and may be slowed by cold attacks.
You have a pair of small horns on your head.
You are agile. (Dex +2)
You expend magic power (3 MP) to strengthen your wands.


Message History

You are too injured to fight recklessly!
You are too injured to fight recklessly!
Casting: Searing Ray (safe; 1% risk of failure)
Confirm with . or Enter, or press ? or * to list all spells.
You erupt in a blast of force!
The mystic blast hits the komodo dragon!
The komodo dragon is severely wounded.
The komodo dragon is knocked back by the mystic blast.
Casting: Iskenderun's Mystic Blast (dangerous; 9% risk of failure)
Confirm with . or Enter, or press ? or * to list all spells.
You erupt in a blast of force!
The mystic blast hits the komodo dragon.
The komodo dragon is almost dead.
Casting: Iskenderun's Mystic Blast (dangerous; 9% risk of failure)
Confirm with . or Enter, or press ? or * to list all spells.
You erupt in a blast of force!
The mystic blast hits the komodo dragon but does no damage.
The komodo dragon is almost dead.
The komodo dragon bites you!!
* * * LOW HITPOINT WARNING * * *
Casting: Iskenderun's Mystic Blast (dangerous; 9% risk of failure)
Confirm with . or Enter, or press ? or * to list all spells.
You erupt in a blast of force!
The mystic blast hits the komodo dragon.
The komodo dragon is almost dead.
The komodo dragon is knocked back by the mystic blast.
Unknown command.
Casting: Iskenderun's Mystic Blast (dangerous; 9% risk of failure)
Confirm with . or Enter, or press ? or * to list all spells.
You don't have enough magic to cast this spell.
Casting: Iskenderun's Mystic Blast (dangerous; 9% risk of failure)
Confirm with . or Enter, or press ? or * to list all spells.
Aiming: Searing Ray (safe; 1% risk of failure)
Press: ? - help, Shift-Dir - straight line, f - komodo dragon
Aim: a komodo dragon (almost dead, 87% to hit)
The searing ray hits the komodo dragon.
The komodo dragon is almost dead. (Press . to maintain the ray.)
The komodo dragon bites you!!
You die...

....######## #
...........# .#
.##.######.# #.#
.##.### #.# #..###
..#.#.##
#.######...!.[
.......###.........#
..#..............#
.##....#########.#
.##...## #@# ###.#<#
#l# ...)... #.#
###..... #.# ##....
... #.. ##. . ..


You could see a komodo dragon.

Vanquished Creatures
  Harold (D:8)
  Pikel (D:6)
  An unseen horror (D:10)
  Grinder (D:6)
  Prince Ribbit (D:6)
  A troll (D:11)
  A shadow (D:11)
  A wyvern (D:10)
  3 yaks (D:10)
  A vampire (D:10)
  Edmund (D:6)
  2 water moccasins
  An ice beast (D:8)
  A sky beast (D:5)
  Pargi (Sewer)
  2 black bears
  An orc warrior (D:10)
  3 ogres
  A necrophage (D:6)
  A centaur (D:7)
  2 lemures (D:6)
  Blork the orc (D:4)
  3 gnoll sergeants
  4 scorpions
  3 bullfrogs (D:6)
  10 wights
  A howler monkey (D:7)
  2 centaur zombies
  3 hounds
  A jelly (D:7)
  A centaur skeleton (D:7)
  An orc priest (D:9)
  A bullfrog skeleton (D:6)
  A gnoll shaman (D:7)
  2 iguanas
  3 orc wizards
  A hound skeleton (D:4)
  25 gnolls
  4 adders
  A shadow imp (D:6)
  3 white imps
  A worm (D:2)
  19 orcs
  15 ball pythons
  5 endoplasms
  A giant cockroach (D:2)
  5 goblins
  6 hobgoblins
  4 jackals (D:1)
  A quokka (D:2)
  5 bats
  5 frilled lizards
  7 kobolds
  8 rats
181 creatures vanquished.

Notes
Turn   | Place    | Note
-------+----------+-------------------------------------------
     0 | D:1      | hawla the Draconian Conjurer began the quest for the Orb.
     0 | D:1      | Reached XP level 1. HP: 14/14 MP: 3/3
   301 | D:1      | Reached XP level 2. HP: 20/20 MP: 1/5
   304 | D:1      | Learned a level 2 spell: Searing Ray
   476 | D:1      | Reached skill level 1 in Translocations
   540 | D:1      | Found a faded altar of an unknown god.
   714 | D:1      | Found Jughes's General Store.
   869 | D:1      | Bought 3 poisoned darts for 14 gold pieces
  1314 | D:2      | Found Meaz's Magic Scroll Emporium.
  1350 | D:2      | Found Plog's Distillery.
  1356 | D:2      | Reached XP level 3. HP: 26/26 MP: 4/6
  1378 | D:2      | Bought a potion of curing for 36 gold pieces
  1378 | D:2      | Bought a potion of heal wounds for 60 gold pieces
  1420 | D:2      | Found Tuomup's Magic Scroll Shop.
  1705 | D:2      | Reached XP level 4. HP: 6/33 MP: 0/8
  1892 | D:2      | Learned a level 4 spell: Iskenderun's Mystic Blast
  2313 | D:2      | Noticed a black bear
  2322 | D:2      | Killed a black bear
  2323 | D:2      | Reached skill level 5 in Conjurations
  2323 | D:2      | Reached XP level 5. HP: 24/38 MP: 0/10
  2436 | D:2      | Found Omutu's Magic Scroll Shop.
  2476 | D:2      | Bought a scroll of holy word for 75 gold pieces
  3540 | D:2      | Bought a scroll of identify for 20 gold pieces
  3646 | D:4      | Noticed an ogre
  3654 | D:4      | Killed an ogre
  3655 | D:4      | Reached XP level 6. HP: 16/45 MP: 0/12
  3660 | D:4      | Found a glowing drain.
  3728 | Sewer    | Entered a sewer
  3903 | Sewer    | Noticed Pargi
  3909 | Sewer    | Killed Pargi
  4488 | D:4      | Noticed Blork the orc
  4498 | D:4      | Reached skill level 5 in Spellcasting
  4498 | D:4      | Your scales start taking on a glossy black colour.
  4498 | D:4      | Reached XP level 7. HP: 40/50 MP: 3/14
  4498 | D:4      | Gained mutation: You are resistant to electric shocks.
                  | (rElec) [Black Draconian growth]
  4499 | D:4      | Killed Blork the orc
  4802 | D:4      | Found Uvvif's Book Shop.
  4877 | D:4      | Found a staircase to the Ecumenical Temple.
  4966 | Temple   | Entered the Ecumenical Temple
  5179 | Temple   | Became a worshipper of Vehumet
  5354 | D:5      | Entered Level 5 of the Dungeon
  5602 | D:5      | Reached skill level 1 in Fighting
  5602 | D:5      | Reached skill level 1 in Staves
  5698 | D:5      | Reached skill level 2 in Staves
  5968 | D:5      | Found a broken altar of Ashenzari.
  6442 | D:6      | Found a runed translucent door.
  6504 | D:6      | Reached skill level 1 in Evocations
  6504 | D:6      | Reached XP level 8. HP: 53/63 MP: 4/17
  6679 | D:6      | Reached skill level 3 in Staves
  7030 | D:6      | Reached * piety under Vehumet
  7030 | D:6      | Offered knowledge of Sandblast by Vehumet.
  7267 | D:6      | Reached skill level 4 in Staves
  7267 | D:6      | Reached skill level 1 in Air Magic
  7268 | D:6      | Noticed Pikel
  7308 | D:6      | Killed Pikel
  7309 | D:6      | Reached skill level 5 in Staves
  7309 | D:6      | Reached XP level 9. HP: 46/71 MP: 1/18
  7312 | D:6      | Noticed Edmund
  7396 | D:7      | Reached skill level 6 in Staves
  7595 | D:6      | Killed Edmund
  7954 | D:6      | Noticed Grinder
  7961 | D:6      | Paralysed by Grinder for 6 turns
  7974 | D:6      | Paralysed by Grinder for 6 turns
  7981 | D:6      | Killed Grinder
  7982 | D:6      | Reached skill level 7 in Staves
  8272 | D:6      | Noticed Prince Ribbit
  8278 | D:6      | Killed Prince Ribbit
  8563 | D:4      | Reached skill level 8 in Staves
  8695 | D:1      | Bought a scroll of summoning for 114 gold pieces
  8695 | D:1      | Bought a scroll of identify for 24 gold pieces
  8813 | D:7      | Found Ceikuon's Gadget Gallery.
  8900 | D:7      | Identified a scroll of acquirement
  8906 | D:7      | Acquired 1149 gold pieces
  9524 | D:7      | Reached skill level 9 in Staves
 10132 | D:2      | Bought a scroll of fear for 35 gold pieces
 10132 | D:2      | Bought a scroll of blinking for 75 gold pieces
 10143 | D:2      | Bought a potion of brilliance for 48 gold pieces
 10143 | D:2      | Bought a potion of curing for 36 gold pieces
 10143 | D:2      | Bought a potion of heal wounds for 60 gold pieces
 10143 | D:2      | Bought a potion of haste for 120 gold pieces
 10169 | D:2      | Bought a scroll of blinking for 105 gold pieces
 10169 | D:2      | Bought a scroll of amnesia for 49 gold pieces
 10240 | D:4      | Bought a book of Annihilations for 600 gold pieces
 10313 | D:8      | Found a burning altar of Makhleb.
 10652 | D:9      | Noticed a two-headed ogre
 10912 | D:8      | Learned a level 2 spell: Corpse Rot
 11005 | D:8      | Noticed Harold
 11314 | D:8      | Gained mutation: You expend magic power (3 MP) to
                  | strengthen your wands. [potion of mutation]
 11314 | D:8      | Gained mutation: You have a pair of small horns on your
                  | head. [potion of mutation]
 11314 | D:8      | Gained mutation: You are agile. (Dex +2) [potion of
                  | mutation]
 11329 | D:8      | Killed Harold
 11330 | D:8      | Reached XP level 10. HP: 24/78 MP: 5/19
 11405 | D:9      | Reached skill level 10 in Staves
 11472 | D:9      | Noticed a two-headed ogre
 11626 | D:9      | Found Tamefe Zeet's Armour Emporium.
 11643 | D:10     | Entered Level 10 of the Dungeon
 12292 | D:10     | Reached ** piety under Vehumet
 12541 | D:10     | Offered knowledge of Static Discharge by Vehumet.
 13349 | D:10     | Noticed Fannar
 13439 | D:11     | Acquired a +0 vampiric lajatang
 13794 | D:11     | Mangled by a komodo dragon

Illustrated notes

Levels and vault maps discovered:
D:1:      zaba_arrival_water, layout_basic, serial_shops,
          nicolae_shop_waterfront, chequers_ecumenical_altar_simple
D:2:      layout_rooms, serial_shops, shop, nicolae_square_shop, shop, shop
D:3:      layout_loops_cross
D:4:      layout_loops_ring, minmay_temple_entry_mist,
          cheibrodos_sewer_entry_sluice, serial_shops, shop,
          kennysheep_generic_room_8, uniq_blork_the_orc
D:5:      layout_loops_ring, nicolae_ashenzari_panopticon
D:6:      layout_basic, minivault_25, minmay_splitting_lines,
          lightli_church_of_beogh, uniq_grinder, uniq_pikel, uniq_edmund,
          uniq_prince_ribbit1
D:7:      layout_basic, nicolae_shop_gadgets
D:8:      layout_basic, lemuel_doored_altar, uniq_harold
D:9:      layout_rooms, serial_shops, shop_statue, hangedman_decor_points,
          minmay_between
D:10:     layout_long_grid, uniq_fannar
D:11:     layout_loops_ring, lair_entry_dummy,
          portal_ice_cave_entry_ice_simulacra, uniq_josephine
Temple:   mainiacjoe_temple_cubbyholes

Skill      XL: |  1  2  3  4  5  6  7  8  9 10 |
---------------+-------------------------------+-----
Translocations | 1 2 3 |  3.0
Spellcasting   | 3 4 5 6 |  6.0
Conjurations   | 5 6 7 8 |  8.2
Fighting       | 3 4 |  4.0
Staves         | 2 5 9 10 | 10.6
Evocations     | 1 3 |  3.5
Air Magic      | 3 |  3.6
Necromancy     | 2 |  2.0
Dodging        | |  1.7
Stealth        | |  1.7

Action                   |  1- 3 |  4- 6 |  7- 9 | 10-12 || total
-------------------------+-------+-------+-------+-------++-------
Melee: Unarmed           |    11 |       |       |       ||    11
       Tailslap          |     3 |       |     6 |     9 ||    18
       Short sword       |    18 |     3 |       |       ||    21
       Punch             |     1 |       |       |       ||     1
       Quarterstaff      |       |    14 |    60 |    32 ||   106
       Lajatang          |       |       |       |    27 ||    27
       Headbutt          |       |       |       |    12 ||    12
Throw: Dart              |       |       |    18 |     4 ||    22
       Boomerang         |       |       |       |     2 ||     2
 Cast: Magic Dart        |    34 |    22 |    41 |     6 ||   103
       Searing Ray       |     9 |    31 |    53 |    11 ||   104
       Iskenderun's Myst |       |     1 |    30 |    23 ||    54
 Abil: Breathe Lightning |       |       |     1 |       ||     1
Evoke: Wand              |       |       |       |     4 ||     4
  Use: Scroll            |     2 |     3 |    18 |    11 ||    34
       Potion            |     2 |       |     8 |     2 ||    12
 Stab: Sleeping          |       |     1 |       |     1 ||     2
       Paralysed         |       |       |       |     3 ||     3
Armor: Skin              |     8 |    12 |    56 |    27 ||   103
Dodge: Dodged            |    22 |    42 |   104 |    56 ||   224
